 Dungeon Sprint DCSS version 0.19-a0-1922-g1e9a4c1 (webtiles) character file.

79 LORDOFBUTT the Sneak (level 4, -34/21 HPs)
             Began as a Spriggan Enchanter on Oct 24, 2016.
             Was an Initiate of Gozag.
             Annihilated by a hill giant
             ... wielding a +0 giant spiked club
              (36 damage)
             ... in the Dungeon (Sprint IX: "|||||||||||||||||||||||||||||").
             The game lasted 00:02:34 (445 turns).

LORDOFBUTT the Sneak (Spriggan Enchanter)            Turns: 445, Time: 00:02:35

Health: -34/21     AC:  4    Str:  4    XL:     4   Next: 16%
Magic:  1/12       EV: 20    Int: 20    God:    Gozag
Gold:   0          SH:  0    Dex: 16    Spells: 2 memorised, 11 levels left

rFire  . . .     SeeInvis +     n - +2 rapier (drain)
rCold  . . .     Gourm    .     b - +1 robe
rNeg   . . .     Faith    .     (shield restricted)
rPois  .         Spirit   .     (helmet restricted)
rElec  .         Reflect  .     a - +0 cloak
rCorr  .         Harm     .     (gloves unavailable)
MR     .....     NoTele   +     (boots unavailable)
Stlth  ++++......               (no amulet)
                                p - +2 ring of evasion
                                o - +3 ring of intelligence

@: very quick
A: unfitting armour, see invisible, herbivore 3, speed 3, slow metabolism 2
a: Potion Petition, Call Merchant, Bribe Branch, Renounce Religion


You were in the Dungeon.
You worshipped Gozag.
Gozag was noncommittal.
You were not hungry.

You visited 1 branch

Inventory:

Hand Weapons
 n - a +2 rapier of draining (weapon)
Armour
 a - a +0 cloak (worn)
 b - a +1 robe (worn)
Jewellery
 o - a +3 ring of intelligence (left hand)
 p - a +2 ring of evasion (right hand)
Wands
 m - a wand of iceblast (7/15)
Scrolls
 j - 2 scrolls of blinking
 k - 3 scrolls of remove curse
 l - 2 scrolls of amnesia
Potions
 e - 5 potions of curing
 f - 3 potions of heal wounds
 g - a potion of haste
 h - 4 potions of magic
 i - a potion of invisibility
Books
 c - a book of Maledictions

   Spells                             Type                      Level
   a - Corona                         Hexes                        1
   b - Ensorcelled Hibernation        Hexes/Ice                    2
   c - Confuse                        Hexes                        3
   d - Tukima's Dance                 Hexes                        3
   e - Dazzling Spray                 Conjuration/Hexes            3
Comestibles
 d - a bread ration


   Skills:
 - Level 1.1 Short Blades
 - Level 3.0 Dodging
 + Level 7.8 Stealth
 + Level 5.5 Spellcasting
 + Level 6.1 Hexes
 + Level 3.0 Ice Magic


You had 11 spell levels left.
You knew the following spells:

 Your Spells              Type           Power        Failure   Level  Hunger
a - Corona                Hex            ####...      1%          1    None
b - Ensorcelled Hibernat  Hex/Ice        ###...       2%          2    None


Dungeon Overview and Level Annotations

Branches:
Dungeon (1/1)

Altars:
Cheibriados
Dithmenos
Elyvilon
Fedhas
Gozag
Hepliaklqana
Kikubaaqudgha
Makhleb
Nemelex Xobeh
Okawaru
Qazlal
Ru
Sif Muna
Trog
Uskayaw
Vehumet
Xom
Yredelemnul
Zin
The Shining One
Beogh
Jiyva
Lugonu


Innate Abilities, Weirdness & Mutations

You are very small and have problems with some larger weapons.
You are too small for most types of armour.
You have supernaturally acute eyesight. (SInv)
You are a herbivore.
You cover ground extremely quickly.
You need consume almost no food.


Message History

Aiming: Ensorcelled Hibernation
Press: ? - help, Shift-Dir - straight line, f/p - hill giant
Aim: a hill giant, wielding a giant spiked club (lightly wounded, chance to defeat MR: 36%)
The hill giant easily resists.
Casting: Ensorcelled Hibernation
Confirm with . or Enter, or press ? or * to list all spells.
Aiming: Ensorcelled Hibernation
Press: ? - help, Shift-Dir - straight line, f/p - hill giant
Aim: a hill giant, wielding a giant spiked club (lightly wounded, chance to defeat MR: 36%)
The hill giant easily resists.
Casting: Ensorcelled Hibernation
Confirm with . or Enter, or press ? or * to list all spells.
Aiming: Ensorcelled Hibernation
Press: ? - help, Shift-Dir - straight line, f/p - hill giant
Aim: a hill giant, wielding a giant spiked club (lightly wounded, chance to defeat MR: 36%)
The hill giant easily resists.
The hill giant hits you with a giant spiked club!!!
Ouch! That really hurt!
You die...
Your body crumbles into a pile of gold.

$
▓_▓
$
▓_▓
$
▓_▓
$
▓g▓
$
▓_▓
$
▓a▓
$
▓5▓
$
▓C▓
$
▓@▓
$
▓_▓
$
▓_▓
$
▓_▓
▓_▓
$
▓_▓
$
▓_▓
$
▓_▓
$
▓_▓


You could see a hill giant, a gnoll sergeant, a worker ant and a shadow imp.

Vanquished Creatures
  A crimson imp (D)
  A hound (D)
  An adder skeleton (D)
  A dart slug (D)
  An orc (D)
  A bat (D)
  A giant cockroach (D)
  2 hobgoblins (D)
  A ball python zombie (D)
  2 jackal skeletons (D)
12 creatures vanquished.

Notes
Turn   | Place    | Note
-------+----------+-------------------------------------------
     0 | D        | LORDOFBUTT the Spriggan Enchanter began the quest for the Orb.
     0 | D        | Reached XP level 1. HP: 9/9 MP: 5/5
     7 | D        | Reached skill level 5 in Stealth
    10 | D        | Reached skill level 6 in Stealth
    20 | D        | Reached skill level 7 in Stealth
    26 | D        | Reached XP level 2. HP: 9/13 MP: 6/6
   115 | D        | Learned a level 2 spell: Ensorcelled Hibernation
   116 | D        | Noticed a crimson imp
   118 | D        | Reached skill level 5 in Hexes
   118 | D        | Reached XP level 3. HP: 16/16 MP: 4/9
   169 | D        | Reached skill level 5 in Spellcasting
   169 | D        | Reached XP level 4. HP: 12/21 MP: 0/12
   344 | D        | Found a roughly hewn altar of Beogh.
   344 | D        | Found a snail-covered altar of Cheibriados.
   344 | D        | Found a shadowy altar of Dithmenos.
   344 | D        | Found a white marble altar of Elyvilon.
   344 | D        | Found a blossoming altar of Fedhas.
   344 | D        | Found an opulent altar of Gozag.
   345 | D        | Found a hazy altar of Hepliaklqana.
   346 | D        | Found a viscous altar of Jiyva.
   347 | D        | Found an ancient bone altar of Kikubaaqudgha.
   348 | D        | Found a corrupted altar of Lugonu.
   349 | D        | Found a burning altar of Makhleb.
   350 | D        | Found a sparkling altar of Nemelex Xobeh.
   351 | D        | Found an iron altar of Okawaru.
   352 | D        | Became a worshipper of Gozag Ym Sagoz the Greedy
   353 | D        | Found a stormy altar of Qazlal.
   354 | D        | Found a sacrificial altar of Ru.
   355 | D        | Found a deep blue altar of Sif Muna.
   356 | D        | Found a bloodstained altar of Trog.
   357 | D        | Found a hide-covered altar of Uskayaw.
   358 | D        | Found a radiant altar of Vehumet.
   359 | D        | Found a shimmering altar of Xom.
   360 | D        | Found a basalt altar of Yredelemnul.
   361 | D        | Found a glowing silver altar of Zin.
   362 | D        | Found a glowing golden altar of the Shining One.
   402 | D        | Noticed a hill giant
   402 | D        | Noticed a gnoll sergeant
   425 | D        | HP: 1/21 [hill giant/giant spiked club (13)]
   445 | D        | Annihilated by a hill giant

Vault maps used:
D:        linesprint

Skill      XL: |  1  2  3 |
---------------+----------+-----
Stealth        | 7 |  7.8
Spellcasting   | 4 5 |  5.5
Hexes          | 5 6 |  6.1
Ice Magic      | 2 3 |  3.0
Short Blades   | |  1.1
Dodging        | |  3.0

Action                   |  1- 3 |  4- 6 || total
-------------------------+-------+-------++-------
Melee: Dagger            |    51 |       ||    51
       Rapier            |       |    14 ||    14
 Cast: Ensorcelled Hiber |     5 |     6 ||    11
       Corona            |       |     2 ||     2
  Use: Potion            |     1 |       ||     1
 Stab: Sleeping          |     3 |       ||     3
Armor: Robe              |     8 |     1 ||     9
Dodge: Dodged            |    41 |     9 ||    50
